 Dungeon Crawl Stone Soup version 0.31-a0-358-gac0dbeb3ab (webtiles) character file.

Game seed: 4232074441564837592

1528 garrulousMonolith the Cleaver (level 8, 0/71 HPs)
             Began as a Hill Orc Fighter on July 25, 2023.
             Was a Follower of Beogh.
             Slain by a water moccasin (4 damage)
             ... on level 5 of the Dungeon.
             The game lasted 00:04:58 (4804 turns).

garrulousMonolith the Cleaver (Hill Orc Fighter)    Turns: 4804, Time: 00:04:58

Health: 0/71       AC: 13    Str: 19    XL:     8   Next: 85%
Magic:  11/11      EV:  5    Int: 10    God:    Beogh [*.....]
Gold:   256        SH:  5    Dex: 10    Spells: 7/7 levels left

rFire   + . .        a - +0 war axe
rCold   + . .        c - +0 buckler
rNeg    . . .        v - +0 plate armour
rPois   .            z - +0 helmet
rElec   .            s - scarf {rC+ rF+}
rCorr   .            (no gloves)
SInv    .            (no boots)
Will    .....        h - amulet of faith Stlth
                     j - ring of flight
HPRegen 0.31/turn    (no ring)
MPRegen 0.12/turn

%: faith
@: mighty, about to teleport, flying
A: no striking features
a: Renounce Religion


You were on level 5 of the Dungeon.
You worshipped Beogh.
Beogh was aware of your devotion.
You visited 1 branch of the dungeon, and saw 5 of its levels.

You collected 256 gold pieces.

Inventory:

Hand Weapons
 a - a +0 war axe (weapon)
 b - a +2 spear of freezing
 x - a +1 dagger of venom
 B - a +6 flail of protection
Missiles
 l - a throwing net
 n - 13 poisoned darts
Armour
 c - a +0 buckler (worn)
 s - a scarf of resistance (worn)
 v - a +0 plate armour (worn)
 z - a +0 helmet (worn)
Jewellery
 h - an amulet of faith (around neck)
 j - a ring of flight (left hand)
 r - a ring of magical power
Talismans
 t - a maw talisman
Wands
 w - a wand of paralysis (10)
Scrolls
 i - a scroll of fear {unknown}
 m - 3 scrolls of identify
 p - 2 scrolls of revelation
 u - a scroll of blinking {unknown}
Potions
 d - a potion of might
 f - a potion of curing
 k - a potion of lignification {unknown}
 o - 2 potions of attraction {unknown}
 q - a potion of mutation {unknown}
 A - a potion of haste {unknown}


   Skills:
 + Level 6.4 Fighting
 * Level 8.7 Axes
 + Level 5.8 Armour
 + Level 5.7 Shields
 + Level 5.1 Invocations


You had 7 spell levels left.
You didn't know any spells.
Your spell library contained the following spells:

 Spells                   Type           Power      Damage    Failure   Level
 Wereblood                Tmut           0%         N/A       100%        2
 Portal Projectile        Hex/Tloc       0%         N/A       100%        3
 Tukima's Dance           Hex            0%         N/A       100%        3
 Iskenderun's Mystic Bla  Conj/Tloc      0%         2d3       100%        4
 Manifold Assault         Tloc           0%         N/A       100%        4
 Irradiate                Conj/Tmut      0%         3d11      100%        5
 Dispersal                Tloc           0%         N/A       100%        6
 Disjunction              Tloc           0%         N/A       100%        8


Dungeon Overview and Level Annotations

Branches:
Dungeon (5/15)
 Temple: D:4-7

Altars:
Hepliaklqana
Trog
Zin

Shops:
D:5 [


Message History

The gnoll sergeant barely misses you. The gnoll attacks as you move away!
The gnoll hits you but does no damage.
The gnoll is no longer moving quickly.
You block the gnoll bouda's attack.
You feel mightier all of a sudden.
The water moccasin bites you but does no damage.
The gnoll bouda hits you with a +0 whip.
* * * LOW HITPOINT WARNING * * *
The water moccasin bites you but does no damage.
You feel better.
The gnoll is no longer moving quickly.
The water moccasin bites you but does no damage.
You block the gnoll's attack. You block the gnoll bouda's attack.
The water moccasin attacks as you move away!
The water moccasin barely misses you.
The gnoll bouda attacks as you move away!
The gnoll bouda completely misses you.
Your attacks no longer feel as feeble.
The gnoll hits you.
* * * LOW HITPOINT WARNING * * *
You block the water moccasin's attack. The gnoll attacks as you move away!
The gnoll hits you but does no damage. The gnoll attacks as you move away!
The gnoll barely misses you. The water moccasin closely misses you.
The gnoll bouda barks out a call to the hunt!
The gnolls pick up the pace!
You hear an angry hiss.
The water moccasin attacks as you move away!
The water moccasin bites you.
* * * LOW HITPOINT WARNING * * *
The water moccasin bites you but does no damage.
As you read the scroll labelled TEDWIHUREU, it crumbles to dust.
You feel strangely unstable.
It was a scroll of teleportation.
The gnoll sergeant hits you from afar with a +0 spear!
* * * LOW HITPOINT WARNING * * *
The water moccasin bites you but does no damage.
The water moccasin bites you!
* * * LOW HITPOINT WARNING * * *
The gnoll sergeant hits you but does no damage.
The water moccasin attacks as you move away!
The water moccasin bites you.
You die...

.............##........##..##....
[.....................##...######
.........#....##.................
........###.###....###...........
.............##.....##.....).....
..........##.....##....g...#....#
...........##.....###...g.).g....
.....#............###gg####...###
## ##..........@Sggg.## ...... #
#.............g...# ...... ##
#......##.#.##....# ...... .#
#..##.##..........# ......
.####..##..##......##.# ...###
.#..).............###.# '
....#''#...........##.#
##.##..##....##.......#
#.##..##.....#.....#.#


You could see a water moccasin (inner flame), a gnoll sergeant (inner flame,
swift), a gnoll bouda (inner flame) and 4 gnolls.

Vanquished Creatures
  Grinder (D:5)
  Edmund (D:5)
  An ice beast (D:5)
  2 phantoms
  A bullfrog (D:4)
  A gnoll sergeant (D:5)
  2 scorpions
  A howler monkey (D:4)
  4 hounds
  A jelly (D:4)
  A gnoll bouda (D:5)
  3 iguanas
  2 orc wizards (D:5)
  A sleepcap (D:4)
  Ijyb (D:5)
  Terence (D:2)
  14 gnolls (D:5)
  6 adders
  A shadow imp (D:5)
  A worm (D:3)
  2 dart slugs
  13 orcs
  9 endoplasms
  3 giant cockroaches
  4 goblins
  4 hobgoblins
  15 jackals
  5 kobolds
  3 quokkas
  9 ball pythons
  7 bats
  2 frilled lizards
  7 rats
129 creatures vanquished.

Vanquished Creatures (others)
  An endoplasm (D:4)
1 creature vanquished.

Grand Total: 130 creatures vanquished

Notes
Turn   | Place    | Note
-------+----------+-------------------------------------------
     0 | D:1      | garrulousMonolith the Hill Orc Fighter began the quest for
                  | the Orb.
     0 | D:1      | Reached XP level 1. HP: 19/19 MP: 1/1
   106 | D:1      | Reached skill level 3 in Axes
   206 | D:1      | Reached XP level 2. HP: 23/27 MP: 2/2
   899 | D:2      | Noticed Terence
   905 | D:2      | Killed Terence
   906 | D:2      | Reached skill level 1 in Invocations
   906 | D:2      | Reached XP level 3. HP: 24/33 MP: 3/3
   985 | D:2      | Reached XP level 4. HP: 40/40 MP: 5/5
  1004 | D:2      | Reached skill level 4 in Axes
  1650 | D:3      | Found a faded altar of an unknown god.
  1728 | D:3      | Identified the +3 leather armour "Juucke" {rC- rN+++ Int+6}
  1844 | D:3      | Reached XP level 5. HP: 46/46 MP: 6/6
  1975 | D:3      | Found a glowing silver altar of Zin.
  2334 | D:4      | Reached skill level 5 in Axes
  2463 | D:4      | Reached XP level 6. HP: 45/53 MP: 7/7
  2493 | D:4      | Found a bloodstained altar of Trog.
  2494 | D:4      | Found a hazy altar of Hepliaklqana.
  2632 | D:4      | Reached skill level 5 in Fighting
  2632 | D:4      | Reached skill level 6 in Axes
  2632 | D:4      | Reached XP level 7. HP: 50/61 MP: 9/9
  2693 | D:4      | Became a worshipper of Beogh the Brigand
  3326 | D:5      | Entered Level 5 of the Dungeon
  3358 | D:5      | Noticed Ijyb
  3368 | D:5      | Killed Ijyb
  3445 | D:5      | Reached skill level 7 in Axes
  3718 | D:5      | Reached skill level 5 in Armour
  3718 | D:5      | Reached skill level 5 in Shields
  3718 | D:5      | Reached XP level 8. HP: 48/70 MP: 9/11
  3961 | D:5      | Found Usioh's Antique Armour Boutique.
  4019 | D:5      | Noticed Grinder
  4022 | D:5      | Paralysed by Grinder for 2 turns
  4027 | D:5      | Paralysed by Grinder for 2 turns
  4031 | D:5      | Killed Grinder
  4032 | D:5      | Reached skill level 8 in Axes
  4032 | D:5      | Paralysed by a gnoll bouda for 3 turns
  4039 | D:5      | Reached * piety under Beogh
  4046 | D:5      | Paralysed by a gnoll bouda for 4 turns
  4310 | D:5      | Noticed Edmund
  4325 | D:5      | Killed Edmund
  4517 | D:5      | Reached skill level 5 in Invocations
  4804 | D:5      | Slain by a water moccasin

Illustrated notes

Levels and vault maps discovered:
D:1:      heliophobic_arrival_glass_houses, layout_basic
D:2:      layout_loops_ring, uniq_terence
D:3:      layout_rooms, zin_treasury, ebering_ecumenical_altar_mist,
          minmay_starry_boxes
D:4:      layout_cave_pools, nicolae_overflow_squiral
D:5:      layout_cave_pools, serial_gnoll_camp, gnoll_camp_mini_shop,
          gnoll_camp_mini_hut, gnoll_camp_medium_02, gnoll_camp_mini_doghouse,
          gnoll_camp_mini_sergeant, gnoll_camp_mini_basic, uniq_ijyb,
          uniq_edmund, uniq_grinder

Skill      XL: |  1  2  3  4  5  6  7  8 |
---------------+-------------------------+-----
Axes           | 3 4 5 6 7 8 |  8.7
Fighting       | 4 5 6 |  6.4
Invocations    | 1 2 3 4 5 |  5.1
Armour         | 4 5 |  5.8
Shields        | 4 5 |  5.7

Action                     |  1- 3 |  4- 6 |  7- 9 || total
---------------------------+-------+-------+-------++-------
  Melee: War axe           |    53 |   176 |   208 ||   437
 Invoke: Convert to Beogh  |       |       |     1 ||     1
  Evoke: Wand              |       |       |     2 ||     2
    Use: Potion            |       |       |     6 ||     6
         Scroll            |       |       |     3 ||     3
 Armour: Scale mail        |    16 |    86 |    27 ||   129
         Plate armour      |       |       |   153 ||   153
  Dodge: Dodged            |    24 |   103 |    73 ||   200
  Block: Buckler           |     9 |    43 |    65 ||   117

Table legend: (Time is in decaauts)
 A = Elapsed time spent in this place.
 B = Non-inter-level travel time spent in this place.
 C = Inter-level travel time spent in this place.
 D = Time resting spent in this place.
 E = Time spent auto-exploring this place.
 F = Levels seen in this place.
 G = Mean time per level.
                   A        B        C        D        E       F      G
               +--------+--------+--------+--------+--------+-----+--------+
         Total |   4909 |   4724 |    185 |    922 |   2841 |   5 |  981.8 |
       Dungeon |   4909 |   4724 |    185 |    922 |   2841 |   5 |  981.8 |
               +--------+--------+--------+--------+--------+-----+--------+

Top non-repeatable levels by time:
     D:5: 1455 daAuts
     D:4: 1070 daAuts
     D:1: 876 daAuts
     D:2: 789 daAuts
     D:3: 717 daAuts
